Match 42103567
Unlisted

Match 42103567
End
Pioneer Squad
Construct Infanterie Kompanie
Grenadier Squad
MG 42 Machine Gun Team
MG 42 Machine Gun Team
MG 42 Machine Gun Team
Selects Terror Battlegroup
Selects Machine Gun Camouflage
Construct Luftwaffe Kompanie
221 Scout Car
Flak 30 Anti-aircraft Gun Team
Support Elements
Wirbelwind Flakpanzer
Selects Defend the Fatherland
Jäger Squad
Medical Bunker
Defend the Fatherland
Marder III M Tank Destroyer
Wirbelwind Flakpanzer
Jäger Squad
Luftwaffe Officer Quarters
MadMax
Mika
0
0

Comments sign in to comment!

No comments posted yet!